 Dungeon Crawl Stone Soup version 0.18-a0-1788-g92de1ac (webtiles) character file.

88 vev the Insei (level 4, -4/23 HPs)
             Began as a Vine Stalker Transmuter on Apr 19, 2016.
             Slain by Grinder (7 damage)
             ... on level 3 of the Dungeon.
             The game lasted 00:06:58 (1488 turns).

vev the Insei (Vine Stalker Transmuter)             Turns: 1488, Time: 00:06:59

Health: -4/23      AC:  5    Str: 18    XL:     4   Next: 54%
Magic:  0/8        EV: 12    Int: 13    God:
Gold:   92         SH:  0    Dex: 15    Spells: 1 memorised, 6 levels left

rFire  . . .     SeeInvis .       - Unarmed
rCold  . . .     Gourm    .     b - +0 robe
rNeg   . . .     Faith    .     (no shield)
rPois  .         Spirit   +     (no helmet)
rElec  .         Dismiss  .     (no cloak)
rCorr  .         Reflect  .     (no gloves)
SustAt .         Harm     .     (boots currently unavailable)
MR     +....                    (no amulet)
Stlth  +.........               l - ring of protection from magic
                                j - +3 ring of protection

@: mighty, appendage, somewhat resistant to hostile enchantments, very
unstealthy
A: fangs 2, talons 3, regeneration 1, magic shield, antimagic bite, no device
heal 3, rot immunity
a: End Transformation


You were on level 3 of the Dungeon.
You were hungry.
You had grown temporary talons.
You visited 1 branch of the dungeon, and saw 3 of its levels.

You collected 92 gold pieces.

Inventory:

Missiles
 a - 12 arrows
 h - 24 poisoned needles
Armour
 b - a +0 robe (worn)
Jewellery
 j - a +3 ring of protection (left hand)
 l - a ring of protection from magic (right hand)
Scrolls
 e - a scroll of identify
 k - 3 scrolls of immolation {unknown}
 m - a scroll of fog {unknown}
 o - a scroll of remove curse {unknown}
 p - 2 scrolls of teleportation {unknown}
 s - a scroll of random uselessness {unknown}
 t - a scroll of magic mapping {unknown}
 u - a scroll of amnesia {unknown}
Potions
 n - a potion of might
 r - a potion of curing
 w - 2 potions of lignification {unknown}
Books
 c - a book of Changes

   Spells                             Type                      Level
   a - Beastly Appendage              Transmutation                1
   b - Sticks to Snakes               Transmutation                2
   c - Spider Form                    Transmutation/Poison         3
   d - Ice Form                       Ice/Transmutation            4
   e - Blade Hands                    Transmutation                5
 q - a book of Death

   Spells                             Type                      Level
   a - Corpse Rot                     Necromancy                   2
   b - Sublimation of Blood           Necromancy                   2
   c - Agony                          Necromancy                   5
   d - Dispel Undead                  Necromancy                   5
   e - Excruciating Wounds            Charms/Necromancy            5
   f - Bolt of Draining               Conjuration/Necromancy       5
Comestibles
 d - 3 bread rations
 f - 2 chunks of flesh
 g - a royal jelly
 i - 2 meat rations
 v - 2 fruits


   Skills:
 + Level 2.0 Fighting
 - Level 1.5 Dodging
 * Level 4.7 Unarmed Combat
 - Level 2.1 Spellcasting
 - Level 2.0 Transmutations


You had 6 spell levels left.
You knew the following spells:

 Your Spells              Type           Power        Failure   Level  Hunger
a - Beastly Appendage     Trmt           #.....       12%         1    ##.....


Dungeon Overview and Level Annotations

Branches:
Dungeon (3/15)

Altars:
Ashenzari
Dithmenos

Annotations:
D:3 Grinder


Innate Abilities, Weirdness & Mutations

You have extremely sharp teeth.
Your natural rate of healing is unusually fast.
When hurt, damage is shared between your health and your magic reserves.
Your bite disrupts and absorbs the magic of your enemies.
Potions and wands cannot restore your health.
You are immune to rotting.
You have claws for feet.


Message History

You extend your transformation's duration.
Grinder hits you.
You writhe in agony. x2
You hit Grinder. You claw Grinder. Your bite misses Grinder.
Grinder is severely wounded.
Grinder hits you but does no damage.
You closely miss Grinder. You bite Grinder.
Grinder's magic leaks into the air.
You drain his magic.
You feel invigorated.
Grinder is severely wounded.
Grinder hits you!
You writhe in agony.
You hit Grinder but do no damage. You claw Grinder. You bite Grinder.
Grinder's magic leaks into the air.
You drain his magic.
You feel invigorated.
Grinder is almost dead.
Grinder hits you!
* * * LOW HITPOINT WARNING * * *
You writhe in agony.
* * * LOW HITPOINT WARNING * * *
Drink which item? (? for menu, Esc to quit)
You feel very mighty all of a sudden. Grinder hits you!
You die...

#........###..
#.###.##.##>..
#.#.#.##.#....
########.....##......
....%...#............
###.....#...###......
##.....##.## #.#....
#......#######.##...
#.5@####.......###..
#...#_'..####### ##+
#...###### #.
#......# #. ##.....#
##. #.....# ##..
###...# ...##...
##### #...... ######.


You could see Grinder.

Vanquished Creatures
  3 adders
  An ooze (D:2)
  A worm (D:2)
  A dart slug (D:2)
  5 giant geckos (D:1)
  3 orcs (D:3)
  A ball python (D:1)
  A giant cockroach (D:3)
  6 hobgoblins
  3 jackals (D:3)
  2 bats
  2 giant newts (D:1)
  4 goblins
  5 kobolds
  7 rats
45 creatures vanquished.

Notes
Turn   | Place    | Note
--------------------------------------------------------------
     0 | D:1      | vev the Vine Stalker Transmuter began the quest for the Orb.
     0 | D:1      | Reached XP level 1. HP: 9/9 MP: 4/4
    31 | D:1      | Reached skill level 1 in Fighting
    80 | D:1      | Reached XP level 2. HP: 10/14 MP: 3/6
   468 | D:2      | Reached XP level 3. HP: 15/18 MP: 4/7
   548 | D:2      | Reached skill level 4 in Unarmed Combat
   851 | D:2      | Found a shadowy altar of Dithmenos.
   858 | D:2      | Reached XP level 4. HP: 23/23 MP: 6/8
  1447 | D:3      | Found a shattered altar of Ashenzari.
  1448 | D:3      | Noticed Grinder
  1488 | D:3      | Slain by Grinder

Vault maps used:
D:1:      saegor_arrival_simple_d, minmay_misc_feat_square
D:2:      old_standard_altar, first_bread
D:3:      nicolae_overflow_hidden_temple, ashenzari_conservatory_becter,
          minmay_bad_closet, uniq_grinder

Skill      XL: |  1  2  3  4 |
---------------+-------------+-----
Fighting       | 1 2 |  2.0
Unarmed Combat | 4 |  4.7
Dodging        | |  1.5
Spellcasting   | |  2.1
Transmutations | |  2.0

Action                   |  1- 3 |  4- 6 || total
-------------------------+-------+-------++-------
Melee: Unarmed           |    80 |    47 ||   127
       Headbutt          |     9 |     2 ||    11
       Bite              |     8 |    15 ||    23
       Kick              |     4 |    11 ||    15
       Punch             |     1 |     1 ||     2
 Cast: Beastly Appendage |    13 |    13 ||    26
  Use: Scroll            |       |     4 ||     4
       Potion            |       |     1 ||     1
 Stab: Distracted        |     1 |       ||     1
       Sleeping          |     1 |     4 ||     5
  Eat: Chunk             |       |     2 ||     2
Armor: Robe              |    15 |    11 ||    26
Dodge: Dodged            |    41 |    20 ||    61
